Map: Ley Lines

Players

wootwoot - Winner!

  • Race: Zerg Zerg
  • League: Diamond
  • Spawn Location: 7:00

Kaiizzr

  • Race: Terran Terran
  • League: Diamond
  • Spawn Location: 1:00

VOD

Have the link to the VOD?

Description

Time

  • Played on: April 21, 2025, 5:33 p.m.
  • Length: 4:33
Show
View Real Time Build Order
Export as new Build Order

wootwoot Zerg - Winner!

Build Orders: Hatch First, Zergling Baneling 

Get SALT Encoding   

  12  0:01  Drone  
  13  0:12  Overlord  
  13  0:17  Drone  
  14  0:31  Drone x2  
  16  0:48  Hatchery  
  15  0:51  Drone  
  15  0:55  Drone  
  17  0:58  Drone  
  17  1:01  Extractor  
  17  1:14  Spawning Pool  
  17  1:17  Drone  
  17  1:20  Drone  
  18  1:28  Drone  
  19  1:38  Overlord  
  19  2:01  Metabolic Boost  
  19  2:05  Queen x2  
  19  2:08  Zergling x2  
  24  2:11  Zergling x2  
  24  2:14  Zergling x2  
  26  2:18  Zergling x2  
  27  2:23  Zergling x2  
  27  2:24  Zergling x2  
  29  2:30  Zergling x2  
  30  2:41  Zergling x4  
  32  2:49  Drone, Baneling Nest  
  32  2:54  Overlord  
  32  2:58  Zergling x2  
  32  3:06  Zergling x6  
  35  3:18  Zergling x2  
  35  3:19  Zergling x6  
  38  3:27  Zergling x4  
  38  3:34  Zergling x4  
  38  3:36  Zergling x2  
  38  3:41  Zergling x2  
  40  3:43  Zergling x2  
  39  3:51  Zergling x2  
  39  4:08  Baneling x4  
  39  4:09  Baneling x7  
  39  4:11  Drone  
  39  4:12  Drone x2  
Show
View Real Time Build Order
Export as new Build Order

Kaiizzr Terran 

Build Orders:  

Get SALT Encoding   

  12  0:00  SCV  
  13  0:13  SCV  
  14  0:18  Supply Depot  
  14  0:25  SCV  
  15  0:40  SCV  
  15  0:41  Barracks  
  16  0:48  Refinery  
  16  0:53  SCV  
  17  1:05  SCV  
  18  1:18  SCV  
  19  1:30  Orbital Command  
  20  1:32  Reaper  
  20  1:45  Command Center  
  20  1:52  Supply Depot  
  20  1:57  SCV  
  21  2:04  Marine  
  22  2:11  SCV  
  22  2:15  Factory  
  23  2:18  Refinery  
  23  2:23  SCV  
  23  2:27  Barracks Reactor  
  24  2:35  SCV  
  25  2:47  SCV  
  26  3:00  Orbital Command, SCV  
  27  3:06  Starport  
  27  3:12  SCV  
  28  3:14  Bunker  
  28  3:24  SCV  
  29  3:31  Marine  
  29  3:39  Hellion  
  24  3:49  Marine  
  20  4:02  SCV  
  22  4:07  Marine  
  21  4:14  SCV  
Tags
 
Matchup
TvZ
Replay Pack
#1B2M-Replays
Spawn Locations
Cross Positions
Add a new tag
Caveats
  • Supply blocks, unpowered buildings, or Contaminate may cause inaccurate times.
  • Supply counts are checked every 10 seconds.